 Dungeon Crawl Stone Soup version 0.30-a0-1160-g6e42c06551 (webtiles) character file.

Game seed: 11285649395160830811

3186 Jeffwins the Grave Robber (level 10, -14/70 HPs)
             Began as a Human Wanderer on Apr 25, 2023.
             Was a Follower of Vehumet.
             Demolished by a two-headed ogre
             ... wielding a +0 giant spiked club
              (27 damage)
             ... on level 7 of the Dungeon.
             The game lasted 00:15:53 (8180 turns).

Jeffwins the Grave Robber (Human Wanderer)          Turns: 8180, Time: 00:15:53

Health: -14/70     AC: 15    Str: 18    XL:     10   Next: 16%
Magic:  25/27      EV: 12    Int: 20    God:    Vehumet [*.....]
Gold:   378        SH:  0    Dex: 11    Spells: 14/19 levels left

rFire   . . .        D - +5 dagger "Mizel" {flame, *Corrode rPois Str+4 Int+3}
rCold   . . .        (no shield)
rNeg    . . .        G - +0 steam dragon scales
rPois   +            w - +1 helmet
rElec   .            (no cloak)
rCorr   .            r - +2 pair of gloves
SInv    .            b - +0 pair of boots
Will    +....        B - amulet "Xamuineg" {Acrobat Will+}
Stlth   ++           W - ring of magical power
HPRegen 0.31/turn    O - +4 ring of protection
MPRegen 0.20/turn

%: corrode self (3%), acrobat
@: no status effects
A: no striking features
a: Renounce Religion


You were on level 7 of the Dungeon.
You worshipped Vehumet.
Vehumet was aware of your devotion.
You visited 1 branch of the dungeon, and saw 7 of its levels.

You collected 378 gold pieces.


   Skills:
 + Level 3.5 Fighting
 * Level 4.9 Short Blades
 - Level 1.0 Axes
 - Level 3.0 Dodging
 + Level 3.9 Stealth
 * Level 5.4 Spellcasting
 * Level 4.7 Hexes
 * Level 6.2 Necromancy
 * Level 4.8 Ice Magic
 - Level 2.0 Air Magic
 - Level 2.0 Poison Magic
 + Level 2.6 Evocations


You had 14 spell levels left.
You knew the following spells:

 Your Spells              Type           Power      Damage    Failure   Level
x - Ensorcelled Hibernat  Hex/Ice        48%        N/A       2%          2
z - Necrotise             Necr           100%       1d9       1%          1
X - Cigotuvi's Dreadful   Necr/Pois/Air  38%        N/A       4%          2

Your spell library contained the following spells:

 Spells                   Type           Power      Damage    Failure   Level
 Kiss of Death            Conj/Necr      68%        2d10      3%          1
 Animate Dead             Necr           30%        N/A       9%          4
 Anguish                  Hex/Necr       13%        N/A       12%         4
 Summon Guardian Golem    Hex/Summ       14%        N/A       13%         3
 Spider Form              Tmut/Pois      9%         N/A       22%         3
 Manifold Assault         Tloc           5%         N/A       73%         4
 Dispersal                Tloc           2%         N/A       100%        6
 Orb of Destruction       Conj           2%         9d5       100%        7
 Spellforged Servitor     Conj/Summ      2%         N/A       100%        7
 Disjunction              Tloc           2%         N/A       100%        8

Inventory:

Hand Weapons
 a - a +0 hand axe
 p - a +0 trident
 s - a +1 dagger of electrocution
 v - a +0 shortbow
 D - the +5 dagger "Mizel" (weapon) {flame, *Corrode rPois Str+4 Int+3}
   (You found it on level 5 of the Dungeon)

   Str:       It affects your strength (+4).
   Int:       It affects your intelligence (+3).
   rPois:     It protects you from poison.
   *Corrode:  It may corrode you when you take damage.
 I - the +4 sling "Worm" {drain, rF+ rCorr Str-3}
   (You found it on level 7 of the Dungeon)

   Str:       It affects your strength (-3).
   rF:        It protects you from fire.
   rCorr:     It protects you from acid and corrosion.
Missiles
 E - 19 poisoned darts
Armour
 b - a +0 pair of boots (worn)
 d - a +1 chain mail of fire resistance
 r - a +2 pair of gloves (worn)
 w - a +1 helmet (worn)
 G - +0 steam dragon scales (worn)
 J - a +3 leather armour
Magical Staves
 o - a staff of conjuration {!a}
Jewellery
 B - the amulet "Xamuineg" (around neck) {Acrobat Will+}
   (You acquired it on level 6 of the Dungeon)

   [amulet of the acrobat]

   It increases your evasion while moving and waiting.
   Will:      It increases your willpower.
 C - a ring of ice
 F - a ring of protection from fire
 O - a +4 ring of protection (right hand)
 W - a ring of magical power (left hand)
Wands
 f - a wand of charming (6)
Scrolls
 c - a scroll of blinking
 g - 2 scrolls of fear {unknown}
 h - a scroll of magic mapping
 i - a scroll of vulnerability {unknown}
 k - a scroll of fog
 m - a scroll of poison
 q - a scroll of enchant weapon
 t - a scroll of enchant armour
 u - 2 scrolls of teleportation {@r4}
 y - a scroll of silence {!r}
 H - a scroll of brand weapon {unknown}
Potions
 e - 2 potions of curing {@q1}
 j - a potion of invisibility
 l - 3 potions of flight {unknown}
 n - a potion of might {unknown}
 x - a potion of heal wounds {unknown}
 z - 2 potions of brilliance {unknown}
 A - a potion of magic {unknown}

Dungeon Overview and Level Annotations

Branches:
Dungeon (7/15)
 Temple: D:4-7

Altars:
Dithmenos
Fedhas
Gozag
Makhleb
Okawaru
Qazlal
Trog
Vehumet
Yredelemnul

Shops:
D:5 * D:6

[ #.#####.###... .#
#............. ..
#.##.##.###... #.
#.##.##.###... #.
#)##.##......† #.
#.##.######... #.
#...........#.
#.##.#####..........#.
#...O@.....######.#.#.
####.####### #.#.#. #.
....... #. .....#. #.
░..###. #. ░. #. #. .
#. ## #. ..


You could see a two-headed ogre.


Message History

The two-headed ogre hits you but does no damage.
You hit the two-headed ogre. You burn the two-headed ogre.
The two-headed ogre is moderately wounded.
You barely miss the two-headed ogre.
The two-headed ogre is moderately wounded.
The two-headed ogre closely misses you. The two-headed ogre barely misses you.
You hit the two-headed ogre. You burn the two-headed ogre.
The two-headed ogre is moderately wounded.
You hit the two-headed ogre. You burn the two-headed ogre.
The two-headed ogre is heavily wounded.
The two-headed ogre hits you with a +0 giant spiked club!!
* * * LOW HITPOINT WARNING * * *
The two-headed ogre barely misses you.
You are too injured to fight recklessly!
You are too injured to fight recklessly!
You are too injured to fight recklessly!
You are too injured to fight recklessly!
You are too injured to fight recklessly!
You are too injured to fight recklessly!
You are too injured to fight recklessly!
You are too injured to fight recklessly!
Unknown command.
Casting: Ensorcelled Hibernation (safe; 2% risk of failure)
Confirm with . or Enter, or press ? or * to list all spells.
Aiming: Ensorcelled Hibernation (safe; 2% risk of failure)
Press: ? - help, Shift-Dir - straight line, f - two-headed ogre
Aim: a two-headed ogre, wielding two +0 giant spiked clubs (heavily wounded, chance to affect: 37%)
The two-headed ogre resists with some effort.
The two-headed ogre hits you with a +0 giant spiked club!!
You die...

Skill      XL: |  1  2  3  4  5  6  7  8  9 |
---------------+----------------------------+-----
Poison Magic   | 1 2 |  2.0
Air Magic      | 1 2 |  2.0
Fighting       | 1 2 3 |  3.5
Stealth        | 1 2 3 |  3.9
Spellcasting   | 3 4 5 |  5.4
Short Blades   | 1 2 3 4 |  4.9
Hexes          | 1 2 3 4 |  4.7
Ice Magic      | 1 2 3 4 |  4.8
Necromancy     | 4 5 6 |  6.2
Evocations     | 2 |  2.6
Axes           | |  1.0
Dodging        | |  3.0

Action                     |  1- 3 |  4- 6 |  7- 9 | 10-12 || total
---------------------------+-------+-------+-------+-------++-------
  Melee: Hand axe          |    45 |       |       |       ||    45
         Trident           |    10 |    12 |       |       ||    22
         Dagger            |       |    48 |   203 |    56 ||   307
         Punch             |       |     1 |     4 |     1 ||     6
   Cast: Necrotise         |    52 |    61 |   140 |       ||   253
         Ensorcelled Hiber |       |     9 |    29 |    11 ||    49
         Cigotuvi's Dreadf |       |     1 |     1 |       ||     2
  Evoke: Wand              |       |       |     1 |       ||     1
    Use: Potion            |       |     2 |       |       ||     2
         Scroll            |       |     1 |     9 |       ||    10
   Stab: Sleeping          |     3 |     5 |    26 |     7 ||    41
 Armour: Robe              |    28 |    43 |    91 |       ||   162
         Steam dragon scal |       |       |    28 |    12 ||    40
  Dodge: Dodged            |    45 |    56 |   163 |    27 ||   291

Levels and vault maps discovered:
D:1:      dpeg_arrival_water_temple_mockup, layout_loops_ring
D:2:      layout_basic, kennysheep_crisscross, kennysheep_generic_room_8
D:3:      layout_basic, dk_noncrumbling_4
D:4:      layout_basic, makhleb_altar_promises_db, mainiacjoe_overflow_alcove_2,
          grunt_ministairs_10
D:5:      layout_loops_cross, yredelemnul_forgotten_temple_becter,
          gammafunk_temple_overflow_claw, serial_shops, nicolae_shop_crystal
D:6:      minmay_chambers_of_fours, layout_loops_ring, grunt_gozag_breadcrumbs,
          serial_shops, shop, uniq_prince_ribbit1, uniq_eustachio
D:7:      layout_loops_ring, nicolae_qazlal_style_of_elements,
          nicolae_dithmenos_the_darkroom, minmay_temple_entry_wispy

Notes
Turn   | Place    | Note
-------+----------+-------------------------------------------
     0 | D:1      | Jeffwins the Human Wanderer began the quest for the Orb.
     0 | D:1      | Jeffwins set off with the following items: a +0 hand axe, a
                  | +0 pair of boots, a scroll of blinking, a +0 robe; and the
                  | following spell memorised: Necrotise; and the following
                  | spells available to memorise: Cigotuvi's Dreadful Rot,
                  | Animate Dead.
     0 | D:1      | Reached XP level 1. HP: 13/13 MP: 3/3
   270 | D:1      | Reached XP level 2. HP: 12/19 MP: 5/5
   326 | D:1      | Learned a level 2 spell: Cigotuvi's Dreadful Rot
  1019 | D:2      | Reached XP level 3. HP: 24/24 MP: 6/6
  1963 | D:2      | Reached skill level 1 in Poison Magic
  1967 | D:2      | Reached XP level 4. HP: 31/31 MP: 7/7
  1968 | D:2      | Reached skill level 1 in Air Magic
  2524 | D:3      | Reached skill level 1 in Fighting
  2771 | D:3      | Learned a level 2 spell: Ensorcelled Hibernation
  3314 | D:4      | Noticed a phantom
  3331 | D:3      | Killed a phantom
  3332 | D:3      | Reached skill level 1 in Stealth
  3332 | D:3      | Reached XP level 5. HP: 31/37 MP: 9/9
  3361 | D:4      | Reached skill level 3 in Spellcasting
  3547 | D:4      | Noticed a centaur
  3550 | D:4      | Reached skill level 1 in Short Blades
  3550 | D:4      | Reached XP level 6. HP: 41/43 MP: 8/10
  3563 | D:4      | Reached skill level 1 in Hexes
  3563 | D:4      | Reached skill level 1 in Ice Magic
  3563 | D:4      | Reached skill level 2 in Air Magic
  3563 | D:4      | Reached skill level 2 in Poison Magic
  3567 | D:4      | HP: 3/43 [iguana (4)]
  3571 | D:4      | Reached skill level 4 in Necromancy
  3904 | D:4      | Reached XP level 7. HP: 45/47 MP: 11/11
  4035 | D:4      | Found a burning altar of Makhleb.
  4035 | D:4      | Noticed a balrug
  4159 | D:4      | Found a bloodstained altar of Trog.
  4463 | D:4      | Reached skill level 2 in Short Blades
  4566 | D:5      | Entered Level 5 of the Dungeon
  4588 | D:5      | Reached skill level 2 in Stealth
  4720 | D:5      | Reached skill level 2 in Hexes
  4727 | D:5      | Reached skill level 2 in Ice Magic
  4742 | D:5      | Identified the +5 dagger "Mizel" {flame, *Corrode rPois
                  | Str+4 Int+3}
  4794 | D:5      | Found Lass's General Store.
  4925 | D:5      | Reached skill level 2 in Fighting
  4925 | D:5      | Reached XP level 8. HP: 49/56 MP: 13/13
  5306 | D:5      | Reached skill level 4 in Spellcasting
  5534 | D:5      | Found a basalt altar of Yredelemnul.
  5622 | D:5      | Reached skill level 3 in Short Blades
  5622 | D:5      | Reached skill level 3 in Hexes
  5751 | D:5      | Found a blossoming altar of Fedhas.
  5751 | D:5      | Found an iron altar of Okawaru.
  5752 | D:5      | Found a radiant altar of Vehumet.
  5782 | D:5      | Reached skill level 3 in Ice Magic
  5803 | D:5      | Became a worshipper of Vehumet
  5932 | D:5      | Reached skill level 5 in Necromancy
  6177 | D:6      | Found an opulent altar of Gozag.
  6244 | D:6      | Noticed Eustachio
  6254 | D:6      | Reached skill level 3 in Stealth
  6254 | D:6      | Reached XP level 9. HP: 62/62 MP: 15/15
  6262 | D:6      | Killed Eustachio
  6486 | D:6      | Noticed Prince Ribbit
  6492 | D:6      | Killed Prince Ribbit
  6581 | D:6      | Reached skill level 3 in Fighting
  6664 | D:6      | Reached skill level 4 in Short Blades
  6664 | D:6      | Reached skill level 4 in Ice Magic
  6664 | D:6      | Reached skill level 2 in Evocations
  6864 | D:6      | Reached skill level 4 in Hexes
  7074 | D:6      | Found Plog's Armour Emporium.
  7089 | D:6      | Reached skill level 5 in Spellcasting
  7198 | D:6      | Identified a scroll of acquirement
  7199 | D:6      | Acquired the amulet "Xamuineg" {Acrobat Will+}
  7586 | D:6      | Reached skill level 6 in Necromancy
  7604 | D:6      | Reached * piety under Vehumet
  7604 | D:6      | Offered knowledge of Kiss of Death by Vehumet.
  7759 | D:7      | Reached XP level 10. HP: 60/69 MP: 17/17
  7824 | D:7      | Found a shadowy altar of Dithmenos.
  7851 | D:7      | Identified the +4 sling "Worm" {drain, rF+ rCorr Str-3}
  7876 | D:7      | Found a stormy altar of Qazlal.
  8166 | D:7      | Noticed a two-headed ogre
  8180 | D:7      | Demolished by a two-headed ogre

Vanquished Creatures
  Prince Ribbit (D:6)
  Eustachio (D:6)
  A wyvern (D:7)
  A steam dragon (D:6)
  An orc warrior (D:6)
  3 ogres
  4 centaurs
  A phantom (D:3)
  A kobold brigand (D:5)
  A bullfrog (D:7)
  4 scorpions
  7 wights
  2 howler monkeys (D:6)
  4 hounds
  8 orc priests
  4 jellies
  6 iguanas
  6 orc wizards
  3 gnolls (D:4)
  9 adders
  A white imp (D:6)
  An ufetubus (D:5)
  2 worms
  2 dart slugs
  20 orcs
  7 ball pythons
  8 endoplasms
  5 giant cockroaches
  9 goblins
  3 hobgoblins (D:2)
  5 jackals
  13 kobolds
  9 quokkas
  4 bats
  5 rats
  A spectral orc (D:5)
163 creatures vanquished.

Vanquished Creatures (collateral kills)
  An orc wizard (D:5)
  An orc (D:5)
  A jackal (D:2)
3 creatures vanquished.

Vanquished Creatures (others)
  A wight (D:6)
1 creature vanquished.

Grand Total: 167 creatures vanquished

Table legend: (Time is in decaauts)
 A = Elapsed time spent in this place.
 B = Non-inter-level travel time spent in this place.
 C = Inter-level travel time spent in this place.
 D = Time resting spent in this place.
 E = Time spent auto-exploring this place.
 F = Levels seen in this place.
 G = Mean time per level.
                   A        B        C        D        E       F      G
               +--------+--------+--------+--------+--------+-----+--------+
         Total |   8147 |   7954 |    193 |    253 |   6237 |   7 | 1163.9 |
       Dungeon |   8147 |   7954 |    193 |    253 |   6237 |   7 | 1163.9 |
               +--------+--------+--------+--------+--------+-----+--------+

Top non-repeatable levels by time:
     D:6: 1657 daAuts
     D:5: 1491 daAuts
     D:2: 1333 daAuts
     D:4: 1212 daAuts
     D:3: 1040 daAuts
     D:1: 993 daAuts
     D:7: 419 daAuts

Table legend:
 A = Non-vault XP
 B = Vault XP
 C = Vault XP percentage of total XP
 D = Non-vault monster count
 E = Vault monster count
 F = Vault count percentage of total count
                 A         B        C        D         E       F
            +---------+---------+-------+---------+---------+-------
      Total |    3641 |     911 |  20.0 |     153 |      13 |   7.8
            +---------+---------+-------+---------+---------+-------
        D:1 |      25 |       0 |   0.0 |      13 |       0 |   0.0
        D:2 |      61 |       4 |   6.2 |      32 |       2 |   5.9
        D:3 |      44 |     109 |  71.2 |      12 |       1 |   7.7
        D:4 |     497 |      14 |   2.7 |      21 |       1 |   4.5
        D:5 |     953 |       1 |   0.1 |      34 |       1 |   2.9
        D:6 |    1370 |     783 |  36.4 |      24 |       8 |  25.0
        D:7 |     691 |       0 |   0.0 |      17 |       0 |   0.0
            +---------+---------+-------+---------+---------+-------
